 Dungeon Crawl Stone Soup version 0.22-a0-897-g1b7a381375 (webtiles) character file.

10885 Mirvelgyr the Cleaver (level 11, -7/103 HPs)
             Began as a Deep Dwarf Fighter on July 31, 2018.
             Was a Priest of Makhleb.
             Mangled by Rupert
             ... wielding a +2 triple sword of holy wrath
              (11 damage)
             ... on level 12 of the Dungeon.
             The game lasted 00:14:34 (6700 turns).

Mirvelgyr the Cleaver (Deep Dwarf Fighter)          Turns: 6700, Time: 00:14:34

Health: -7/103     AC: 17    Str: 22    XL:     11   Next: 42%
Magic:  7/7        EV:  7    Int: 10    God:    Makhleb [***...]
Gold:   612        SH: 12    Dex: 12    Spells: 10/10 levels left

rFire    + + .     SeeInvis .   i - +1 war axe (elec)
rCold    . . .     Gourm    .   c - +0 shield
rNeg     . . .     Faith    .   r - +0 chain mail
rPois    +         Spirit   .   s - +0 helmet
rElec    .         Reflect  .   H - +2 cloak {rPois}
rCorr    .         Harm     .   v - +0 pair of gloves
MR       +....                  (no boots)
Stlth    ..........             (no amulet)
HPRegen  0.00/turn              b - ring of protection from fire
MPRegen  0.10/turn              z - ring of protection from fire (curse)

@: non-regenerating, drained
A: damage resistance, heal wounds, sense surroundings 2, no regeneration
a: Heal Wounds, Minor Destruction, Lesser Servant of Makhleb, Renounce Religion


You were on level 12 of the Dungeon.
You worshipped Makhleb.
Makhleb was most pleased with you.
You were not hungry.

You visited 2 branches of the dungeon, and saw 13 of its levels.
You also visited: Ossuary.

You collected 612 gold pieces.

Inventory:

Hand Weapons
 i - a +1 war axe of electrocution (weapon)
Armour
 c - a +0 shield (worn)
 r - a +0 chain mail (worn)
 s - a +0 helmet (worn)
 v - a +0 pair of gloves (worn)
 H - a +2 cloak of poison resistance (worn)
Jewellery
 b - a ring of protection from fire (left hand)
 z - a cursed ring of protection from fire (right hand)
Wands
 u - a wand of polymorph (23)
 D - a wand of random effects (26)
Scrolls
 a - 2 scrolls of enchant weapon
 e - 8 scrolls of remove curse
 g - a scroll of blinking {unknown}
 j - 3 scrolls of noise
 l - 4 scrolls of amnesia
 o - 3 scrolls of fear
 w - 5 scrolls of identify
 y - a scroll of random uselessness {unknown}
 E - 2 scrolls of teleportation {unknown}
 G - a scroll of holy word {unknown}
Potions
 d - 5 potions of might
 k - 3 potions of cancellation {unknown}
 m - 7 potions of curing
 n - 2 potions of degeneration {unknown}
 p - 2 potions of invisibility {unknown}
 q - 2 potions of berserk rage {unknown}
 t - 2 potions of brilliance {unknown}
 x - 2 potions of lignification {unknown}
 A - 3 potions of agility {unknown}
 B - 2 potions of magic {unknown}
 C - 4 potions of heal wounds {unknown}
 F - a potion of resistance
Comestibles
 f - 13 rations
 h - 6 chunks of flesh


   Skills:
 + Level 8.0(7.8) Fighting
 * Level 12.5(12.3) Axes
 + Level 9.5(9.4) Armour
 + Level 9.6(9.4) Shields


You had 10 spell levels left.
You didn't know any spells.
Your spell library was empty.

Dungeon Overview and Level Annotations

Branches:
Dungeon (13/15)            Temple (1/1) D:6            Lair (0/6) D:9
    Orc: D:9-12      Vaults: D:13-14

Altars:
Ashenzari
Cheibriados
Dithmenos
Fedhas
Gozag
Hepliaklqana
Kikubaaqudgha
Makhleb
Qazlal
Ru
Sif Muna
Vehumet
Wu Jian
Yredelemnul
The Shining One

Shops:
D:8 (   D:9 [

Annotations:
D:10 3 runed doors, jehirs's ghost, journeyman HOFi
D:12 Rupert


Innate Abilities, Weirdness & Mutations

You are resistant to damage.
You can heal yourself by infusing magical energy.
You passively map the area around you.
You do not regenerate.


Message History

Rupert hits you with a triple sword of holy wrath!!
* * * LOW HITPOINT WARNING * * *
A shadow imp comes into view.
You are too injured to fight recklessly!
You are too injured to fight recklessly!
You completely miss Rupert.
Rupert is moderately wounded.
You block Rupert's attack.
A wight comes into view. It is wielding a hand axe.
You barely miss Rupert.
Rupert is moderately wounded.
You barely miss the wight.
Rupert hits you with a triple sword of holy wrath!!
* * * LOW HITPOINT WARNING * * *
You block the wight's attack.
You slice Rupert!!
Rupert is heavily wounded.
You barely miss the wight.
Rupert hits you with a triple sword of holy wrath!
You die...

, ,,
.......?.#
.....z...#
*.......5.#
......s..#
.........#
.......
#.@z# , *
#..@# * ,
+..>+, *,
#...# * *
*#.#.. *
#.####* #.
, * # * ***
** * * , ,
* , , ,


You could see Rupert (berserk), a scorpion, 2 wights and a shadow imp.

Vanquished Creatures
  Harold (D:10)
  A centaur warrior (D:9)
  A two-headed ogre (D:8)
  Urug (D:10)
  An elephant (D:9)
  Psyche (D:8)
  A hornet (D:7)
  Grinder (D:6)
  6 hippogriffs
  Sigmund (D:2)
  7 yaks
  A basilisk (D:9)
  3 hungry ghosts
  Menkaure (D:7)
  2 sky beasts (D:8)
  3 ice beasts
  2 orc warriors
  2 phantoms
  2 ogres
  4 centaurs
  A crocodile (D:9)
  6 bullfrogs
  An elf skeleton (D:7)
  2 scorpions
  14 killer bees
  5 wights (D:10)
  3 howler monkeys (D:10)
  4 crimson imps
  2 bullfrog zombies
  2 centaur zombies
  3 hounds
  A jelly (D:6)
  2 orc priests
  Crazy Yiuf (D:2)
  3 bullfrog skeletons
  3 centaur skeletons
  10 orc wizards
  Terence (D:2)
  2 human skeletons (D:7)
  6 worker ants
  3 iguanas
  2 big kobold zombies (Ossuary)
  A hound skeleton (D:7)
  2 hound zombies
  2 mummies (Ossuary)
  A worker ant zombie (D:5)
  13 adders
  3 gnolls (D:8)
  3 shadow imps
  An ooze (D:3)
  5 adder zombies (Ossuary)
  2 worms
  6 dart slugs
  4 leopard geckos
  27 orcs
  11 bats
  9 giant cockroaches
  4 hobgoblins
  2 jackals (D:6)
  3 quokkas
  2 ball pythons
  A ball python skeleton (D:5)
  4 frilled lizards
  2 gnoll zombies (Ossuary)
  7 goblins
  3 hobgoblin zombies (Ossuary)
  5 kobolds (D:2)
  7 kobold zombies (Ossuary)
  11 orc zombies
  A quokka skeleton (D:6)
  13 rats
274 creatures vanquished.

Notes
Turn   | Place    | Note
-------+----------+-------------------------------------------
     0 | D:1      | Mirvelgyr the Deep Dwarf Fighter began the quest for the Orb.
     0 | D:1      | Reached XP level 1. HP: 20/20 MP: 1/1
   187 | D:1      | Reached XP level 2. HP: 25/27 MP: 2/2
   629 | D:2      | Reached skill level 3 in Axes
   631 | D:2      | Reached XP level 3. HP: 28/33 MP: 3/3
   641 | D:2      | Found a blossoming altar of Fedhas.
   817 | D:2      | Noticed Terence
   848 | D:2      | Killed Terence
   900 | D:2      | Reached XP level 4. HP: 11/42 MP: 4/4
  1386 | D:2      | Noticed Sigmund
  1408 | D:2      | Killed Sigmund
  1408 | D:2      | Reached skill level 4 in Axes
  1408 | D:2      | Reached XP level 5. HP: 27/49 MP: 5/5
  1462 | D:2      | Reached XP level 6. HP: 31/56 MP: 6/6
  1619 | D:2      | Found a runed door.
  1623 | D:2      | Noticed Crazy Yiuf
  1629 | D:2      | Killed Crazy Yiuf
  1867 | D:3      | Reached skill level 5 in Axes
  2541 | D:4      | Found a stormy altar of Qazlal.
  2864 | D:5      | Entered Level 5 of the Dungeon
  2867 | D:5      | Noticed an ice beast
  2882 | D:5      | Killed an ice beast
  2882 | D:5      | Reached skill level 5 in Armour
  2882 | D:5      | Reached skill level 5 in Shields
  2882 | D:5      | Reached XP level 7. HP: 39/64 MP: 6/6
  2959 | D:5      | Reached skill level 6 in Axes
  3266 | D:5      | Reached XP level 8. HP: 40/73 MP: 7/7
  3272 | D:5      | Reached skill level 7 in Axes
  3354 | D:5      | Found an ancient bone altar of Kikubaaqudgha.
  3532 | D:6      | Noticed Grinder
  3559 | D:6      | Killed Grinder
  3559 | D:6      | Reached skill level 5 in Fighting
  3593 | D:6      | Reached skill level 8 in Axes
  3927 | D:6      | Found a staircase to the Ecumenical Temple.
  3940 | Temple   | Entered the Ecumenical Temple
  3956 | Temple   | Became a worshipper of Makhleb the Destroyer
  4235 | D:7      | Gained mutation: You passively map the area around you. [Deep Dwarf growth]
  4235 | D:7      | Reached XP level 9. HP: 53/81 MP: 7/7
  4377 | D:7      | Reached skill level 9 in Axes
  4387 | D:7      | Reached * piety under Makhleb
  4463 | D:7      | Found an ornate altar of the Wu Jian Council.
  4520 | D:7      | Noticed Menkaure
  4526 | D:7      | Killed Menkaure
  4627 | D:7      | Found a sand-covered staircase.
  4639 | Ossuary  | Entered an ossuary
  4748 | Ossuary  | Reached ** piety under Makhleb
  4848 | D:7      | Paralysed by a hornet for 3 turns
  4851 | D:7      | Reached skill level 10 in Axes
  5006 | D:8      | Found a shattered altar of Ashenzari.
  5012 | D:8      | Found Ihulyo's Antique Weapon Shoppe.
  5168 | D:8      | Reached XP level 10. HP: 76/92 MP: 7/7
  5174 | D:8      | Noticed Psyche
  5183 | D:8      | Noticed a two-headed ogre
  5187 | D:8      | Killed a two-headed ogre
  5546 | D:8      | Killed Psyche
  5647 | D:9      | Reached skill level 11 in Axes
  5679 | D:9      | Found Qoanuet's Armour Boutique.
  5698 | D:9      | Noticed a centaur warrior
  5709 | D:9      | Killed a centaur warrior
  5791 | D:9      | Found a staircase to the Lair.
  5792 | D:9      | Noticed an elephant
  5799 | D:9      | Reached *** piety under Makhleb
  5813 | D:9      | Killed an elephant
  5986 | D:10     | Entered Level 10 of the Dungeon
  5994 | D:10     | Reached XP level 11. HP: 100/100 MP: 8/8
  6145 | D:10     | Found a runed gate.
  6146 | D:10     | Found a runed gate.
  6146 | D:10     | Found a runed gate.
  6147 | D:10     | Noticed jehirs's ghost (journeyman HOFi)
  6163 | D:10     | Reached skill level 12 in Axes
  6182 | D:10     | Noticed Urug
  6220 | D:10     | Killed Urug
  6223 | D:10     | Noticed Harold
  6238 | D:10     | Killed Harold
  6681 | D:10     | You fall through a shaft for 3 floors!
  6686 | D:12     | Noticed Rupert
  6699 | D:12     | HP: 4/103 [Rupert/triple sword of holy wrath (21)]
  6700 | D:12     | Mangled by Rupert

Vault maps used:
D:1:      lemuel_arrival_tunnels
D:2:      first_ration, serial_glass, glass_columns_a, glass_columns_a,
          minmay_strange_pillars, due_unseen_surprise, feat_on_display,
          fedhas_altar_1, uniq_crazy_yiuf_cottage, uniq_sigmund, uniq_terence
D:4:      grunt_qazlal_sundering, corexii_leaking_fountain,
          minmay_misc_feat_enclosed
D:5:      kiku_gazebo_pond_becter, grunt_ministairs_2, nrook_mini_backslash
D:6:      minmay_temple_entry_butterflies, uniq_grinder
D:7:      marbit_many_paths, nicolae_ossuary_entry_catacombs, uniq_menkaure
D:8:      ashenzari_altar_1, serial_shops, shop, uniq_psyche
D:9:      david_lair_generic, serial_shops, shop
D:10:     ebering_ghost_rock_garden, uniq_harold, uniq_urug
D:12:     uniq_gastronok, uniq_rupert, uniq_erolcha, uniq_nergalle
D:13:     lightli_vaults_fourway_checkpoint, hangedman_stone_soup,
          nicolae_dithmenos_through_a_glass_darkly
Temple:   hc_temple_tempest_star
Ossuary:  ossuary_tomb_2

Skill      XL: |  1  2  3  4  5  6  7  8  9 10 11 |
---------------+----------------------------------+-----
Axes           | 3 4 5 6 8 10 11 12 | 12.5
Fighting       | 3 4 5 6 7 8 |  8.0
Armour         | 4 5 6 7 9 |  9.5
Shields        | 4 5 6 7 9 |  9.6

Action                   |  1- 3 |  4- 6 |  7- 9 | 10-12 || total
-------------------------+-------+-------+-------+-------++-------
Melee: War axe           |   119 |   200 |   357 |   265 ||   941
Invok: Minor Destruction |       |       |       |     3 ||     3
 Abil: Heal Wounds       |       |     3 |     4 |     4 ||    11
  Use: Scroll            |     1 |     7 |     2 |       ||    10
       Potion            |       |     1 |       |       ||     1
  Eat: Chunk             |       |     7 |     8 |     6 ||    21
       Ration            |       |       |     1 |     1 ||     2
Armor: Scale mail        |    46 |       |       |       ||    46
       Chain mail        |    14 |   137 |   212 |   157 ||   520
Dodge: Dodged            |    49 |    37 |    72 |    61 ||   219
Block: Shield            |    79 |   123 |   168 |   161 ||   531

Table legend:
 A = Spawn XP
 B = Non-spawn XP
 C = Spawn XP percentage of total XP
 D = Spawn monster count
 E = Non-spawn monster count
 F = Spawn count percentage of total count
 G = Total turns spent on level
                    A         B        C        D         E        F      G
               +---------+---------+-------+---------+---------+-------+---------
         Total |       0 |   15551 |   0.0 |       0 |     274 |   0.0 |  6700
               +---------+---------+-------+---------+---------+-------+---------
           D:1 |       0 |      34 |   0.0 |       0 |      18 |   0.0 |   578
           D:2 |       0 |     388 |   0.0 |       0 |      31 |   0.0 |  1108
           D:3 |       0 |     121 |   0.0 |       0 |      25 |   0.0 |   678
           D:4 |       0 |     180 |   0.0 |       0 |      12 |   0.0 |   500
           D:5 |       0 |     963 |   0.0 |       0 |      26 |   0.0 |   561
           D:6 |       0 |     829 |   0.0 |       0 |      13 |   0.0 |   737
           D:7 |       0 |    2403 |   0.0 |       0 |      33 |   0.0 |   660
           D:8 |       0 |    2710 |   0.0 |       0 |      21 |   0.0 |   635
           D:9 |       0 |    2984 |   0.0 |       0 |      26 |   0.0 |   349
          D:10 |       0 |    4803 |   0.0 |       0 |      40 |   0.0 |   695
       Ossuary |       0 |     136 |   0.0 |       0 |      29 |   0.0 |   147
               +---------+---------+-------+---------+---------+-------+---------
